 Dungeon Crawl Stone Soup version 0.20.0-10-g0535bb4 (webtiles) character file.

2025 grindst0ne the Protected (level 9, -2/56 HPs)
             Began as a Gargoyle Fighter on June 3, 2017.
             Was a Believer of Okawaru.
             Slain by grindst0ne's ghost (14 damage)
             ... on level 6 of the Dungeon.
             The game lasted 00:12:39 (7553 turns).

grindst0ne the Protected (Gargoyle Fighter)         Turns: 7553, Time: 00:12:40

Health: -2/56      AC: 23    Str: 19    XL:     9   Next: 23%
Magic:  9/9        EV:  5    Int: 12    God:    Okawaru [**....]
Gold:   111        SH:  9    Dex: 12    Spells: 8/8 levels left

rFire    + . .     SeeInvis .   a - +0 war axe
rCold    + . .     Gourm    .   c - +0 shield
rNeg     + . .     Faith    .   u - +2 chain mail {rPois}
rPois    ∞         Spirit   .   (no helmet)
rElec    +         Reflect  .   B - scarf {rC+ rF+}
rCorr    .         Harm     .   (no gloves)
MR       .....                  j - +0 pair of boots
Stlth    ..........             (no amulet)
Regen    0.2/turn               (no ring)
MPRegen  0.2/turn               (no ring)

@: no status effects
A: thin metallic scales 1, blurry vision 1, clever 1, negative energy resistance
1, electricity resistance, unbreathing, petrification resistance, rot immunity,
AC +5
a: Heroism, Renounce Religion


You were on level 6 of the Dungeon.
You worshipped Okawaru.
Okawaru was pleased with you.
You were not hungry.

You visited 1 branch of the dungeon, and saw 6 of its levels.

You collected 279 gold pieces.
You spent 168 gold pieces at shops.

Inventory:

Hand Weapons
 a - a +0 war axe (weapon)
Armour
 b - a +0 scale mail
 c - a +0 shield (worn)
 j - a +0 pair of boots (worn)
 u - a +2 chain mail of poison resistance (worn)
 x - a scarf of repulsion
 B - a scarf of resistance (worn)
Wands
 y - a wand of flame (0/48)
 z - a wand of confusion (18/48)
Scrolls
 l - 2 scrolls of immolation {unknown}
 m - 2 scrolls of fear {unknown}
 o - 4 scrolls of identify {unknown}
 p - a scroll of noise {unknown}
 r - 2 scrolls of teleportation {unknown}
 t - a scroll of remove curse {unknown}
 v - a scroll of amnesia {unknown}
 w - a scroll of magic mapping {unknown}
Potions
 d - 2 potions of invisibility {unknown}
 h - 2 potions of berserk rage
 i - a potion of lignification {unknown}
 k - 3 potions of curing {unknown}
 n - a potion of heal wounds {unknown}
 q - 2 potions of brilliance {unknown}
 A - a potion of haste
Comestibles
 g - 7 meat rations
 s - a royal jelly
 D - 7 fruits


   Skills:
 - Level 6.3 Fighting
 + Level 4.1 Axes
 - Level 11.1 Armour
 - Level 3.2 Shields


You had 8 spell levels left.
You didn't know any spells.

Dungeon Overview and Level Annotations

Branches:
Dungeon (6/15)
 Temple: D:4-7

Altars:
Elyvilon
Fedhas
Makhleb
Nemelex Xobeh
Okawaru
Qazlal
Trog

Shops:
D:4 [

Annotations:
D:5 exclusion: downstairs
D:6 grindst0ne's ghost, novice GrFi


Innate Abilities, Weirdness & Mutations

You are resistant to torment.
Your stone body is resilient. (AC +5)
You are immune to poison.
You resist negative energy. (rN+)
You are resistant to electric shocks. (rElec)
You can survive without breathing.
You are immune to petrification.
You are immune to rotting.
You are partially covered in thin metallic scales. (AC +2)
Scrolls take you a little longer to read.
Your mind is acute. (Int +2)


Message History

Grindst0ne's ghost hits you but does no damage.
You writhe in agony.
You closely miss grindst0ne's ghost. Grindst0ne's ghost hits you.
You writhe in agony.
Grindst0ne's ghost hits you but does no damage.
You hit grindst0ne's ghost but do no damage.
Grindst0ne's ghost hits you!
Your shield and chain mail prevent you from hitting grindst0ne's ghost.
Grindst0ne's ghost wails.
Grindst0ne's ghost hits you but does no damage.
You writhe in agony.
You hit grindst0ne's ghost but do no damage.
Grindst0ne's ghost hits you! x2
* * * LOW HITPOINT WARNING * * *
You writhe in agony.
* * * LOW HITPOINT WARNING * * *
You hit grindst0ne's ghost but do no damage.
You block grindst0ne's ghost's attack.
You closely miss grindst0ne's ghost. Grindst0ne's ghost hits you!
You die...

###.........###.........
##........##..........
##......###.....>.....
##...#..###...........
####....#...##...........
.......##...#............
............#................
######......#.................
#......#...@............#
#......#...W...........#
##....####..............#
#....## #.............(#
#####...## #..............##
........# #..........(....####
##......# ##...........W<....#
###....# #..................
#....# ##.......#.....####


You could see grindst0ne's ghost.

Vanquished Creatures
  Grinder (D:6)
  Menkaure (D:6)
  An ice beast (D:5)
  A sky beast (D:6)
  An ogre (D:5)
  2 centaurs (D:5)
  2 wights
  4 electric eels (D:4)
  A howler monkey (D:5)
  A crimson imp (D:6)
  A hound (D:5)
  A jelly (D:6)
  8 orc priests
  A bullfrog skeleton (D:4)
  A centaur skeleton (D:4)
  8 worker ants
  6 orc wizards
  2 worker ant zombies
  13 adders
  A shadow imp (D:4)
  An ooze (D:1)
  An adder skeleton (D:5)
  4 worms
  3 dart slugs
  2 leopard geckos
  15 orcs
  10 bats
  6 giant cockroaches
  13 goblins
  8 hobgoblins
  8 jackals
  A quokka (D:2)
  5 frilled lizards
  A jackal skeleton (D:4)
  7 kobolds
  2 quokka zombies (D:5)
  7 rats
151 creatures vanquished.

Notes
Turn   | Place    | Note
-------+----------+-------------------------------------------
     0 | D:1      | grindst0ne the Gargoyle Fighter began the quest for the Orb.
     0 | D:1      | Reached XP level 1. HP: 14/14 MP: 1/1
   122 | D:1      | Reached XP level 2. HP: 20/20 MP: 2/2
   246 | D:1      | Reached XP level 3. HP: 23/24 MP: 3/3
   640 | D:1      | Reached skill level 5 in Fighting
   729 | D:2      | Found a faded altar of an unknown god.
   792 | D:2      | Reached XP level 4. HP: 24/31 MP: 4/4
  1363 | D:3      | Reached XP level 5. HP: 26/36 MP: 5/5
  1497 | D:3      | Found a burning altar of Makhleb.
  1674 | D:3      | Found a stormy altar of Qazlal.
  1675 | D:3      | Noticed an air elemental
  1676 | D:3      | Noticed a water elemental
  1680 | D:3      | Noticed a fire elemental
  1724 | D:4      | Found a white marble altar of Elyvilon.
  1724 | D:4      | Found a bloodstained altar of Trog.
  1835 | D:4      | Reached skill level 4 in Armour
  1843 | D:4      | Reached XP level 6. HP: 38/42 MP: 6/6
  1917 | D:4      | Reached skill level 5 in Armour
  2110 | D:4      | Found a sparkling altar of Nemelex Xobeh.
  2112 | D:4      | Found an iron altar of Okawaru.
  2298 | D:4      | Became a worshipper of Warmaster Okawaru
  2372 | D:4      | Found Xana's Armour Shoppe.
  2422 | D:4      | Found a transporter.
  2451 | D:4      | Bought a scarf of repulsion for 168 gold pieces
  2523 | D:4      | Found a transporter.
  2567 | D:4      | Reached skill level 6 in Armour
  2571 | D:4      | Reached XP level 7. HP: 28/47 MP: 7/7
  2796 | D:5      | Entered Level 5 of the Dungeon
  2932 | D:5      | Gained mutation: Your mind is acute. (Int +2) [potion of mutation]
  2932 | D:5      | Gained mutation: Scrolls take you a little longer to read. [potion of mutation]
  2932 | D:5      | Gained mutation: You are partially covered in thin metallic scales. (AC +2) [potion of mutation]
  2940 | D:5      | Reached skill level 7 in Armour
  3515 | D:5      | Reached * piety under Okawaru
  3515 | D:5      | Reached skill level 8 in Armour
  3545 | D:5      | Reached XP level 8. HP: 15/52 MP: 8/8
  3976 | D:5      | Reached skill level 9 in Armour
  4380 | D:5      | Found a blossoming altar of Fedhas.
  4705 | D:6      | Noticed grindst0ne's ghost (novice GrFi)
  4715 | D:5      | Reached skill level 10 in Armour
  4738 | D:6      | HP: 1/52 [grindst0ne's ghost (16)]
  6140 | D:6      | Noticed Grinder
  6153 | D:6      | Paralysed by Grinder for 3 turns
  6167 | D:6      | Paralysed by Grinder for 7 turns
  6179 | D:6      | Killed Grinder
  6179 | D:6      | Reached ** piety under Okawaru
  6179 | D:6      | Reached skill level 11 in Armour
  6516 | D:6      | Noticed Menkaure
  6523 | D:6      | Killed Menkaure
  6523 | D:6      | Reached XP level 9. HP: 42/56 MP: 9/9
  7553 | D:6      | Slain by grindst0ne's ghost

Skill      XL: |  1  2  3  4  5  6  7  8  9 |
---------------+----------------------------+-----
Fighting       | 4 5 6 |  6.3
Armour         | 4 6 8 11 | 11.1
Axes           | 2 4 |  4.1
Shields        | |  3.2

Action                   |  1- 3 |  4- 6 |  7- 9 || total
-------------------------+-------+-------+-------++-------
Melee: War axe           |   104 |   241 |   374 ||   719
Evoke: Wand              |       |     4 |     5 ||     9
  Use: Potion            |       |       |     4 ||     4
  Eat: Chunk             |       |     6 |     5 ||    11
       Bread ration      |       |       |     3 ||     3
Armor: Scale mail        |    89 |   107 |       ||   196
       Chain mail        |       |    96 |   294 ||   390
Dodge: Dodged            |    53 |    70 |    78 ||   201
Block: Shield            |    71 |   125 |   183 ||   379
